 Dungeon Crawl Stone Soup version 0.31-a0-229-g1fc7ce93e2 (webtiles) character file.

Game seed: 16423315770480043912

651 qw the Shooter (level 7, 0/60 HPs)
             Began as a Minotaur Hexslinger on July 6, 2023.
             Was an Initiate of Okawaru.
             Slain by Edmund
             ... wielding a +7 heavy flail
              (4 damage)
             ... on level 5 of the Dungeon.
             The game lasted 00:01:39 (4411 turns).

qw the Shooter (Minotaur Hexslinger)                Turns: 4411, Time: 00:01:40

Health: 0/60       AC: 10    Str: 13    XL:     7   Next: 28%
Magic:  7/7        EV: 12    Int: 10    God:    Okawaru [......]
Gold:   181        SH:  0    Dex: 14    Spells: 7/8 levels left

rFire   . . .        Y - +1 sling
rCold   + . .        (no shield)
rNeg    . . .        c - +3 leather armour of the Desolation of Salt {Fly rC+ Stlth+}
rPois   .            g - +2 hat
rElec   .            (no cloak)
rCorr   .            d - +0 pair of gloves
SInv    .            j - +0 pair of boots
Will    .....        (no amulet)
Stlth   ++           (no ring)
HPRegen 0.30/turn    (no ring)
MPRegen 0.10/turn

%: no passive effects
@: flying
A: horns 2, retaliatory headbutt
a: Renounce Religion


You were on level 5 of the Dungeon.
You worshipped Okawaru.
Okawaru was noncommittal.
You visited 2 branches of the dungeon, and saw 6 of its levels.

You collected 181 gold pieces.


Innate Abilities, Weirdness & Mutations

You have a pair of horns on your head.
You reflexively headbutt those who attack you in melee.


   Skills:
 - Level 4.3 Fighting
 + Level 7.9 Ranged Weapons
 - Level 1.4 Armour
 - Level 2.1 Dodging
 - Level 1.0 Spellcasting
 - Level 2.0 Hexes


You had 7 spell levels left.
You knew the following spells:

 Your Spells              Type           Power      Damage    Failure   Level
a - Slow                  Hex            16%        N/A       19%         1

Your spell library contained the following spells:

 Spells                   Type           Power      Damage    Failure   Level
 Inner Flame              Hex/Fire       2%         N/A       65%         3
 Portal Projectile        Hex/Tloc       4%         N/A       65%         3
 Cause Fear               Hex            2%         N/A       88%         4

Inventory:

Hand Weapons
 Y - a +1 sling (weapon)
Armour
 c - the +3 leather armour of the Desolation of Salt (worn) {Fly rC+ Stlth+}
   (You found it on level 2 of the Dungeon)

   rC:        It protects you from cold.
   Fly:       It grants you flight.
   Stlth:     It makes you more stealthy.
 d - a +0 pair of gloves (worn)
 g - a +2 hat (worn)
 j - a +0 pair of boots (worn)
Scrolls
 e - a scroll of identify
Potions
 b - 2 potions of mutation
 f - 5 potions of curing
 h - a potion of haste
 m - a potion of cancellation {unknown}

Dungeon Overview and Level Annotations

Branches:
Dungeon (5/15)             Temple (1/1) D:5

Altars:
Ashenzari
Dithmenos
Elyvilon
Gozag
Hepliaklqana
Kikubaaqudgha
Nemelex Xobeh
Okawaru
Qazlal
Ru
Sif Muna
Trog
Vehumet
Wu Jian
Xom
Yredelemnul
Zin
The Shining One

Shops:
D:3 (   D:4 :

Annotations:
D:4 2 transporters, qw's ghost, novice GrFi
D:5 Edmund


Message History

Edmund is moderately wounded.
Edmund closely misses you. You furiously retaliate!
You headbutt Edmund! You shoot a sling bullet.
The sling bullet barely misses Edmund.
Edmund hits you with a +7 heavy flail!
You shoot a sling bullet.
The sling bullet hits Edmund but does no damage.
Edmund is heavily wounded.
Edmund closely misses you.
You shoot a sling bullet. The sling bullet hits Edmund.
Edmund is heavily wounded.
You shoot a sling bullet.
The sling bullet hits Edmund but does no damage.
Edmund is heavily wounded.
Edmund hits you with a +7 heavy flail!
You shoot a sling bullet. The sling bullet hits Edmund.
Edmund is heavily wounded.
Edmund hits you with a +7 heavy flail!
You shoot a sling bullet.
The sling bullet hits Edmund but does no damage.
Edmund is heavily wounded.
You shoot a sling bullet. The sling bullet barely misses Edmund.
Edmund hits you with a +7 heavy flail!
You shoot a sling bullet.
The sling bullet hits Edmund but does no damage.
Edmund is heavily wounded.
Edmund hits you with a +7 heavy flail!
You shoot a sling bullet. The sling bullet closely misses Edmund.
You shoot a sling bullet. The sling bullet hits Edmund.
Edmund is heavily wounded.
Edmund hits you with a +7 heavy flail!
You shoot a sling bullet. The sling bullet hits Edmund.
Edmund is heavily wounded.
Edmund hits you but does no damage.
You shoot a sling bullet. The sling bullet hits Edmund.
Edmund is severely wounded.
You shoot a sling bullet.
The sling bullet hits Edmund but does no damage.
Edmund is severely wounded.
Edmund hits you with a +7 heavy flail.
You die...

**,,**,,,*.................#...
***,,,,,,,,*#.............##.....
*,,,,,,,,8,*#............###.....
*,,,,,,,,.,**#.........#####.....
*,,,,,,,,..,*##.......## #......
*,,,,,,,,...##........# ##...[..
*,,,,,,,,............## #.......
*,,,,,,,,...........## #.......
*,,,,,,,,.......@##.# ##.......
*,,,,,,,,......@##### #........
*,,,,,,**.##...#* #.......#
*,,,,,,*,,,#...,* ##......##
*,,,,,,,,,.....,** #.....###
*,,,,,,*,..#..,,,* #....##
*,,,,,,,*##...,,,* ######
*,,,,,,,,,...,,,,*
*,,,,,,,,,,,,,,*,* ****


You could see Edmund.

Vanquished Creatures
  Sigmund (D:5)
  An ogre (D:5)
  A phantom (D:5)
  A scorpion (D:5)
  A gnoll bouda (D:4)
  A hound (D:5)
  An orc priest (D:4)
  An iguana (D:5)
  5 gnolls
  3 adders
  2 ufetubi
  2 dart slugs
  7 orcs
  6 bats
  4 endoplasms
  3 giant cockroaches
  4 hobgoblins
  2 quokkas (D:4)
  4 ball pythons
  3 frilled lizards
  7 goblins
  10 kobolds
  4 rats
74 creatures vanquished.

Notes
Turn   | Place    | Note
-------+----------+-------------------------------------------
     0 | D:1      | qw the Minotaur Hexslinger began the quest for the Orb.
     0 | D:1      | Reached XP level 1. HP: 16/16 MP: 1/1
     0 | D:1      | 0 ||| qw: Version: 0.3-a-46-gb1f654a
     0 | D:1      | 0 ||| qw: Game counter: 1345
     0 | D:1      | 0 ||| qw: Melee chars always use a shield: true
     0 | D:1      | 0 ||| qw: God list: Okawaru
     0 | D:1      | 0 ||| qw: Allow faded altars: false
     0 | D:1      | 0 ||| qw: Do Orc after clearing Dungeon:15 true
     0 | D:1      | 0 ||| qw: Do second Lair branch before Depths: true
     0 | D:1      | 0 ||| qw: Lair rune preference: random
     0 | D:1      | 0 ||| qw: Goals: Normal
     0 | D:1      | 0 ||| PLANNING D:1-11
   183 | D:1      | Reached skill level 3 in Ranged Weapons
   198 | D:1      | Reached XP level 2. HP: 23/23 MP: 2/2
   485 | D:1      | HP: 6/24 [gnoll/+0 spear (7)]
   489 | D:1      | 489 ||| FLEEEEING.
   490 | D:1      | 490 ||| FLEEEEING.
   491 | D:1      | 491 ||| FLEEEEING.
   492 | D:1      | 492 ||| FLEEEEING.
   493 | D:1      | 493 ||| FLEEEEING.
   494 | D:1      | 494 ||| FLEEEEING.
   495 | D:1      | 495 ||| FLEEEEING.
   496 | D:1      | 496 ||| FLEEEEING.
   497 | D:1      | 497 ||| FLEEEEING.
   498 | D:1      | 498 ||| FLEEEEING.
   499 | D:1      | 499 ||| FLEEEEING.
   500 | D:1      | 500 ||| FLEEEEING.
   501 | D:1      | 501 ||| FLEEEEING.
   502 | D:1      | 502 ||| FLEEEEING.
   503 | D:1      | 503 ||| FLEEEEING.
   504 | D:1      | 504 ||| FLEEEEING.
   505 | D:1      | 505 ||| FLEEEEING.
   506 | D:1      | 506 ||| FLEEEEING.
   507 | D:1      | 507 ||| FLEEEEING.
   508 | D:1      | 508 ||| FLEEEEING.
   510 | D:1      | 510 ||| FLEEEEING.
   511 | D:1      | 511 ||| FLEEEEING.
   512 | D:1      | 512 ||| FLEEEEING.
   513 | D:1      | 513 ||| FLEEEEING.
   514 | D:1      | 514 ||| FLEEEEING.
   516 | D:1      | 516 ||| FLEEEEING.
   517 | D:1      | 517 ||| FLEEEEING.
   518 | D:1      | 518 ||| FLEEEEING.
   519 | D:1      | 519 ||| FLEEEEING.
   520 | D:1      | 520 ||| FLEEEEING.
   521 | D:1      | 521 ||| FLEEEEING.
   522 | D:1      | 522 ||| FLEEEEING.
   523 | D:1      | 523 ||| FLEEEEING.
   524 | D:1      | 524 ||| FLEEEEING.
   525 | D:1      | 525 ||| FLEEEEING.
   526 | D:1      | 526 ||| FLEEEEING.
   527 | D:1      | 527 ||| FLEEEEING.
   528 | D:1      | 528 ||| FLEEEEING.
   529 | D:1      | 529 ||| FLEEEEING.
   530 | D:1      | 530 ||| FLEEEEING.
   532 | D:1      | 532 ||| FLEEEEING.
   533 | D:1      | 533 ||| FLEEEEING.
   534 | D:1      | 534 ||| FLEEEEING.
   535 | D:1      | 535 ||| FLEEEEING.
   536 | D:1      | 536 ||| FLEEEEING.
   537 | D:1      | 537 ||| FLEEEEING.
   538 | D:1      | 538 ||| FLEEEEING.
   539 | D:1      | 539 ||| FLEEEEING.
   540 | D:1      | 540 ||| FLEEEEING.
   541 | D:1      | 541 ||| FLEEEEING.
   542 | D:1      | 542 ||| FLEEEEING.
   543 | D:1      | 543 ||| FLEEEEING.
   631 | D:1      | Reached XP level 3. HP: 29/29 MP: 3/3
  1002 | D:1      | 1002 ||| UPGRADING to +0 leather armour.
  1012 | D:1      | 1012 ||| DROPPING +0 robe.
  1013 | D:1      | 1013 ||| UPGRADING to +0 ring mail.
  1023 | D:1      | 1023 ||| DROPPING +0 leather armour.
  1024 | D:1      | 1024 ||| READING scroll labelled EFRALA NACLUIFROA.
  1025 | D:1      | 1025 ||| READING scroll labelled CAAFAGEUPI.
  1026 | D:1      | 1026 ||| READING scroll labelled XAALIYLAUNG.
  1027 | D:1      | 1027 ||| DROPPING scroll of poison.
  1074 | D:2      | Identified the +3 leather armour of the Desolation of Salt
                  | {Fly rC+ Stlth+}
  1217 | D:2      | Identified the staff "Ecurph" {rPois rF+ Poison}
  1369 | D:2      | Reached skill level 4 in Ranged Weapons
  1584 | D:2      | 1584 ||| UPGRADING to +3 leather armour of the Desolation
                  | of Salt {Fly rC+ Stlth+}.
  1594 | D:2      | 1594 ||| UPGRADING to +2 hat.
  1599 | D:2      | 1599 ||| DROPPING +0 ring mail.
  1600 | D:2      | 1600 ||| READING scroll labelled TIHAAG IWAEKHO.
  1601 | D:2      | 1601 ||| READING scroll labelled XETIG QESUSIQ.
  1602 | D:2      | 1602 ||| READING 3 scrolls of identify.
  1602 | D:2      | 1602 ||| IDENTIFYING murky dark potion
  1603 | D:2      | 1603 ||| READING 2 scrolls of identify.
  1603 | D:2      | 1603 ||| IDENTIFYING metallic purple potion
  1776 | D:3      | Reached XP level 4. HP: 36/36 MP: 4/4
  1986 | D:3      | Found Kiti's Weapon Emporium.
  1986 | D:3      | Noticed a +0 great mace
  1989 | D:3      | Noticed a +0 rapier
  1997 | D:3      | 1997 ||| SHOPLISTING +1 heavy longbow (243 gold, have 112).
  1997 | D:3      | 1997 ||| SHOPLISTING +3 shortbow of flaming (291 gold, have
                  | 112).
  1997 | D:3      | 1997 ||| SHOPLISTING +4 orcbow of flaming (367 gold, have
                  | 112).
  2390 | D:3      | 2390 ||| DRINKING 2 pink potions.
  2391 | D:3      | 2391 ||| READING 2 scrolls of identify.
  2391 | D:3      | 2391 ||| IDENTIFYING inky potion
  2482 | D:4      | Found a transporter.
  2484 | D:4      | Noticed qw's ghost (novice GrFi)
  2578 | D:4      | HP: 6/36 [orc priest/divine providence (10)]
  2579 | D:4      | 2579 ||| DRINKING potion of heal wounds.
  2596 | D:4      | Reached skill level 5 in Ranged Weapons
  2806 | D:4      | Found Epuif's Book Emporium.
  2911 | D:4      | Found a transporter.
  3275 | D:4      | 3275 ||| UPGRADING to +0 pair of gloves.
  3280 | D:4      | 3280 ||| UPGRADING to +0 pair of boots.
  3285 | D:4      | 3285 ||| READING scroll labelled WIGIUCE WEMU.
  3286 | D:4      | 3286 ||| READING 2 scrolls of identify.
  3286 | D:4      | 3286 ||| IDENTIFYING clear potion
  3287 | D:4      | 3287 ||| DROPPING potion of attraction.
  3316 | D:5      | Entered Level 5 of the Dungeon
  3319 | D:5      | 3319 ||| STAIRDANCE
  3324 | D:4      | Reached XP level 5. HP: 17/44 MP: 5/5
  3327 | D:4      | Reached skill level 3 in Fighting
  3331 | D:4      | HP: 8/45 [gnoll/+0 whip[a gnoll bouda] (5)]
  3332 | D:4      | 3332 ||| DRINKING potion of heal wounds.
  3343 | D:4      | Reached skill level 1 in Armour
  3553 | D:5      | Noticed an ogre
  3565 | D:5      | Killed an ogre
  3566 | D:5      | Reached skill level 6 in Ranged Weapons
  3566 | D:5      | Reached XP level 6. HP: 51/51 MP: 6/6
  3738 | D:5      | Found a sparkling altar of Nemelex Xobeh.
  3769 | D:5      | Reached skill level 7 in Ranged Weapons
  3799 | D:5      | Found a staircase to the Ecumenical Temple.
  3800 | D:5      | 3800 ||| PLANNING TEMPLE
  3800 | D:5      | 3800 ||| READING scroll labelled VAITAI TUHYKIB.
  3901 | D:5      | 3901 ||| READING scroll labelled ANKORA FIALA.
  3902 | D:5      | 3902 ||| READING scroll labelled LIPALA OHO LAC.
  3906 | D:5      | 3906 ||| READING scroll labelled FIOKOGE NICS.
  3907 | D:5      | 3907 ||| READING 2 scrolls of identify.
  3907 | D:5      | 3907 ||| IDENTIFYING fizzy golden potion
  3908 | D:5      | 3908 ||| DROPPING potion of brilliance.
  3915 | D:5      | Noticed Sigmund
  3952 | D:5      | Killed Sigmund
  3953 | D:5      | Reached XP level 7. HP: 23/60 MP: 7/7
  4109 | Temple   | Entered the Ecumenical Temple
  4124 | Temple   | 4124 ||| PLANNING OKAWARU WORSHIP
  4251 | Temple   | Became a worshipper of Warmaster Okawaru
  4252 | Temple   | 4252 ||| PLANNING D:1-11
  4389 | D:5      | Noticed Edmund
  4406 | D:5      | HP: 11/60 [Edmund/+7 heavy flail (7)]
  4408 | D:5      | HP: 3/60 [Edmund/+7 heavy flail (9)]
  4411 | D:5      | Slain by Edmund

Levels and vault maps discovered:
D:1:      roderic_crop_circles_arrival_small, layout_basic, serial_curves,
          eino_curves_01, eino_curves_01
D:2:      layout_basic
D:3:      layout_basic, serial_shops, nicolae_shop_mannequins
D:4:      layout_basic, serial_shops, nicolae_square_shop,
          gammafunk_ghost_stat_death
D:5:      layout_cave_pods, lemuel_round_altar, minmay_temple_entry_overgrown,
          serial_column_ruins, column_ruins_hut, column_ruins_hut_ruined,
          column_ruins_grid_3, column_ruins_grid_1, column_ruins_grid_1,
          column_ruins_columns_straight, uniq_sigmund, uniq_edmund
Temple:   nicolae_temple_bog_church

Skill      XL: |  1  2  3  4  5  6 |
---------------+-------------------+-----
Ranged Weapons | 3 4 5 6 7 |  7.9
Fighting       | 2 3 4 |  4.3
Armour         | 1 |  1.4
Dodging        | |  2.1
Spellcasting   | |  1.0
Hexes          | |  2.0

Action                     |  1- 3 |  4- 6 |  7- 9 || total
---------------------------+-------+-------+-------++-------
   Fire: Sling             |   115 |   189 |    22 ||   326
    Use: Scroll            |     7 |     8 |       ||    15
         Potion            |       |     3 |       ||     3
 Armour: Robe              |     2 |       |       ||     2
         Ring mail         |     4 |       |       ||     4
         Leather armour    |     2 |    43 |     1 ||    46
  Dodge: Dodged            |    25 |    90 |     3 ||   118

Table legend:
 A = Non-vault XP
 B = Vault XP
 C = Vault XP percentage of total XP
 D = Non-vault monster count
 E = Vault monster count
 F = Vault count percentage of total count
                 A         B        C        D         E       F
            +---------+---------+-------+---------+---------+-------
      Total |     700 |     231 |  24.8 |      73 |       1 |   1.4
            +---------+---------+-------+---------+---------+-------
        D:1 |      50 |       0 |   0.0 |      24 |       0 |   0.0
        D:2 |      15 |       0 |   0.0 |      10 |       0 |   0.0
        D:3 |      45 |       0 |   0.0 |      17 |       0 |   0.0
        D:4 |     168 |       0 |   0.0 |      14 |       0 |   0.0
        D:5 |     422 |     231 |  35.4 |       8 |       1 |  11.1
            +---------+---------+-------+---------+---------+-------
